 Dungeon Crawl Stone Soup version 0.21-a0-59-g7b0e191 (webtiles) character file.

572727 xgamer67 the Slayer (level 25, -3/192 HPs)
             Began as a Human Gladiator on June 16, 2017.
             Was the Champion of Jiyva.
             Killed from afar by an orb of fire (7 damage)
             ... with a fireball
             ... on level 5 of the Realm of Zot on June 17, 2017.
             The game lasted 05:09:32 (84216 turns).

xgamer67 the Slayer (Human Gladiator)              Turns: 84216, Time: 05:09:32

Health: -3/192     AC: 31    Str: 30    XL:     25
Magic:  26/29      EV: 19    Int: 21    God:    Jiyva [******]
Gold:   32         SH: 15    Dex: 13    Spells: 32/44 levels left

rFire    + + +     SeeInvis +   a - +8 morningstar "Zeesch" {distort, +Fly rPois Str+9 Dex-2}
rCold    + . .     Gourm    .   r - +0 shield {reflect}
rNeg     + . .     Faith    .   q - +5 plate armour
rPois    +         Spirit   .   (helmet restricted)
rElec    .         Reflect  +   U - scarf {rC+ rF+}
rCorr    +         Harm     .   t - +2 pair of gloves
MR       +++..     Rnd*Rage +   E - +2 pair of boots {Fly} Stlth ..........NoTele +
                                A - amulet of regeneration
HPRegen  0.82/turn              X - ring of Suspected Treachery {-Tele *Contam rF++ rC+ rN+ Str+5}
MPRegen  0.21/turn              D - ring of Newireos {rF+ MR++ Str-3 Int+2 Stlth+}

@: mighty, flying, very slightly contaminated
A: beak, thin skeletal structure 1, see invisible, berserk 1, clumsy 2, frail 1,
low mp 2, translucent skin 2, jelly absorbing missiles, no potion heal 2, no
stealth, no conjurations magic, no ice magic, no transmutations magic,
inexperienced 1, temperature sensitive
}: 3/15 runes: serpentine, barnacled, slimy
a: Request Jelly, Slimify, Cure Bad Mutation, Renounce Religion, Stop Flying


You were on level 5 of the Realm of Zot.
You worshipped Jiyva.
Jiyva was exalted by your worship.
You were completely stuffed.

You visited 11 branches of the dungeon, and saw 56 of its levels.
You visited 1 bazaar.

You collected 4932 gold pieces.
You spent 4900 gold pieces at shops.

Inventory:

Hand Weapons
 a - the +8 morningstar "Zeesch" (weapon) {distort, +Fly rPois Str+9 Dex-2}
   (You acquired it on level 15 of the Dungeon)

   It warps and distorts space around it.
   Unwielding it can cause banishment or high damage.
   It affects your strength (+9).
   It affects your dexterity (-2).
   It protects you from poison.
   It lets you fly.
Missiles
 d - 11 throwing nets (quivered)
Armour
 q - a +5 plate armour (worn)
 r - a +0 shield of reflection (worn)
 t - a +2 pair of gloves (worn)
 E - a +2 pair of boots of flying (worn)
 H - a +2 helmet of intelligence
 U - a scarf of resistance (worn)
Jewellery
 A - an amulet of regeneration (around neck)
 D - the ring of Newireos (right hand) {rF+ MR++ Str-3 Int+2 Stlth+}
   (You bought it in a shop on level 4 of the Snake Pit)

   [ring of protection from fire]

   It affects your strength (-3).
   It affects your intelligence (+2).
   It protects you from fire.
   It affects your resistance to hostile enchantments.
   It makes you more stealthy.
 I - a +6 amulet of reflection
 N - an uncursed ring of see invisible
 Q - the ring "Qeywap" {MR- AC+3 Slay+4}
   (You found it on level 2 of the Shoals)

   [ring of protection]

   It affects your AC (+3).
   It affects your accuracy and damage with ranged weapons and melee attacks
   (+4).
   It affects your resistance to hostile enchantments.
 X - the ring of Suspected Treachery (left hand) {-Tele *Contam rF++ rC+ rN+ Str+5}
   (You bought it in a shop on level 2 of the Orcish Mines)

   [ring of strength]

   It affects your strength (+5).
   It greatly protects you from fire.
   It protects you from cold.
   It protects you from negative energy.
   It prevents most forms of teleportation.
   It causes magical contamination when unequipped.
Wands
 w - a wand of polymorph (17/24)
 x - a wand of enslavement (15/24)
 C - a wand of iceblast (5/15)
 M - a wand of digging (14/24)
 Y - a wand of paralysis (18/24)
 Z - a wand of acid (4/15)
Scrolls
 h - a scroll of holy word
 n - 6 scrolls of blinking
 u - 5 scrolls of recharging
 v - 10 scrolls of remove curse
 y - 6 scrolls of fog
 F - 18 scrolls of teleportation
 O - a scroll of silence
 S - 2 scrolls of identify
 V - 2 scrolls of fear
Potions
 e - a potion of magic
 j - 5 potions of heal wounds
 l - 13 potions of curing
 m - 2 potions of resistance
 o - 8 potions of ambrosia
 K - 2 potions of agility
 L - 9 potions of brilliance
 P - 3 potions of invisibility
Books
 i - a book of the Sky

   Spells                             Type                      Level
   a - Summon Lightning Spire         Summoning/Air                4
   b - Silence                        Hexes/Air                    5
   c - Deflect Missiles               Charms/Air                   6
   d - Conjure Ball Lightning         Conjuration/Air              6
   e - Tornado                        Air                          9
 z - a book of Summonings

   Spells                             Type                      Level
   a - Recall                         Summoning/Translocation      3
   b - Aura of Abjuration             Summoning                    5
   c - Summon Demon                   Summoning                    5
   d - Summon Forest                  Summoning/Translocation      5
   e - Summon Mana Viper              Hexes/Summoning              5
   f - Shadow Creatures               Summoning                    6
Miscellaneous
 b - a lamp of fire (inert)
 k - a box of beasts
 s - a lightning rod (3/4)
 J - a phial of floods
 W - a fan of gales (inert)
Comestibles
 f - 19 bread rations
 g - 7 royal jellies
 G - 22 meat rations


   Skills:
 + Level 21.0 Fighting
 - Level 16.0 Maces & Flails
 - Level 2.0 Throwing
 + Level 18.5 Armour
 - Level 20.0 Dodging
 - Level 15.0 Shields
 - Level 10.0 Spellcasting
 - Level 6.0 Charms
 - Level 6.0 Summonings
 - Level 4.1 Necromancy
 - Level 18.1 Translocations
 - Level 4.0 Air Magic


You had 32 spell levels left.
You knew the following spells:

 Your Spells              Type           Power        Failure   Level  Hunger
a - Lesser Beckoning      Tloc           ######....   1%          3    None
c - Apportation           Tloc           ######       0%          1    None
d - Passage of Golubria   Tloc           N/A          1%          4    ##.....
e - Animate Skeleton      Necr           N/A          5%          1    None
g - Swiftness             Chrm/Air       ####....     5%          2    None
h - Summon Butterflies    Summ           #####...     2%          1    None


Dungeon Overview and Level Annotations

Branches:
Dungeon (15/15)            Temple (0/1) D:6            Lair (6/6) D:10
 Shoals (4/4) Lair:4        Snake (4/4) Lair:2        Slime (5/5) Lair:6
    Orc (2/2) D:10            Elf (3/3) Orc:2        Vaults (4/5) D:13
  Crypt (3/3) Vaults:2       Tomb (0/3) Crypt:3      Depths (5/5) D:15
    Zot (5/5) Depths:5

Altars:
Dithmenos
Kikubaaqudgha
Nemelex Xobeh
Okawaru
Ru
Sif Muna
Trog
Vehumet
Wu Jian
Xom
Zin
Jiyva
Lugonu

Shops:
D:4 =   D:9 *   D:10 =   D:13 :[%   Orc:1 *(*   Orc:2 =(}*=   Snake:4 }}=
Depths:1 (?*

Portals:
Hell: Depths:1 Depths:2 Depths:3 Depths:4 Depths:5
Abyss: Depths:2 Depths:4 Depths:5
Pandemonium: Depths:3
Ziggurat: Depths:5

Annotations:
Elf:2 3 runed doors
Depths:2 exclusion: downstairs
Abyss:1 Kirke, Royal Jelly


Innate Abilities, Weirdness & Mutations

Potions are poor at restoring your health.
You cannot be stealthy.
You cannot study or cast Conjurations magic.
You cannot study or cast Ice magic.
You cannot study or cast Transmutations magic.
You are somewhat inexperienced. (-2 XL)
You are sensitive to extremes of temperature. (rF-, rC-)
You have a beak for a mouth.
You have a somewhat thin skeletal structure. (Dex +2, Stealth)
You have supernaturally acute eyesight. (SInv)
You tend to lose your temper in combat.
You are very clumsy. (Dex -4)
You are frail. (-10% HP)
Your magical capacity is very low. (-20% MP)
Your translucent skin reduces your foes' accuracy. (Stealth)
You have a small jelly attached to you that may absorb incoming projectiles.


Message History

You hear a roar!
Your system partially rejects the healing.
You feel much better.
Casting: Summon Butterflies
Confirm with . or Enter, or press ? or * to list all spells.
You don't know that spell.
Casting: Summon Butterflies
Confirm with . or Enter, or press ? or * to list all spells.
The orb of fire emits a lurid red light.
The bolt of fire hits you! You resist.
* * * LOW HITPOINT WARNING * * *
The bolt of fire hits your butterfly.
Your butterfly dies!
The bolt of fire hits your butterfly.
Your butterfly dies!
The Killer Klown defenestrates your butterfly!
Your butterfly dies!
The orb of fire glows yellow.
The fireball explodes!
The fireball engulfs you! You resist.
You die...

,≈≈≈,,,,,,,.####≈≈...........,,,,
,≈≈≈,,,,,,,.................,,,,,
,≈≈≈,,,,,,,................,,##**
,≈≈≈,,,***,..............#*##≈##
,≈≈≈,,,* *,..............###≈≈≈##
≈≈≈≈,.,* *,......†.......##≈≈≈≈≈#
≈≈≈≈,§.###########.......#≈≈≈≈≈≈≈
≈≈≈≈..§.......b.#.#######≈≈≈≈≈≈≈≈
≈≈≈*........b.bb@## ##≈≈≈≈≈≈≈
*≈**...........*## ####........
****..........bp# #....##≈≈≈##
**#......b...# #....###≈##
#..........######....# *##
#..............*.....#######
#..........#########........ **
▓########.######## ▓▓▓###### ,**
*...............# ##.....


You could see an orb of fire and a Killer Klown.

Vanquished Creatures
  Mennas (Crypt:1)
  An orb of fire (Zot:5)
  An ancient lich (Zot:5)
  Saint Roka (Vaults:4)
  Vashnia (Snake:4)
  A caustic shrike (shapeshifter) (Vaults:3)
  A caustic shrike (Depths:2)
  2 golden dragons
  Nikola (Shoals:2)
  An electric golem (Zot:2)
  3 tentacled monstrosities (Zot:2)
  6 Orb Guardians (Zot:5)
  Rupert (Lair:4)
  8 liches
  11 acid blobs
  A quicksilver dragon (Depths:4)
  Agnes (Snake:3)
  2 death cobs (Zot:2)
  2 ancient champions (Crypt:3)
  4 sphinxes
  Gastronok (Orc:1)
  2 shadow dragons
  4 tengu reavers
  Roxanne (Shoals:2)
  Donald (Orc:2)
  A draconian monk (Zot:5)
  3 storm dragons
  11 nagarajas
  Ilsuiw (Shoals:4)
  A revenant (Crypt:2)
  11 frost giants
  3 fire giants
  4 azure jellies
  3 deep elf sorcerers
  7 vault wardens
  2 draconian scorchers
  4 curse skulls
  Aizul (Shoals:3)
  5 ghouls
  5 ironheart preservers
  A draconian stormcaller (Depths:5)
  A caustic shrike skeleton (Crypt:1)
  17 stone giants
  7 very ugly things
  2 green draconians
  2 black draconians
  4 red draconians
  2 yellow draconians (Depths:5)
  11 vampire knights
  2 deep elf annihilators
  2 dire elephants
  A purple draconian (Zot:2)
  3 eidola
  5 spark wasps
  5 merfolk javelineers
  7 ettins
  9 merfolk impalers
  2 mummy priests (Crypt:3)
  7 fire dragons
  Josephine (Lair:4)
  3 death oozes
  3 deep elf death magi
  16 jiangshi
  6 vault guards
  The ghost of tstbtto the Cleaver, a journeyman DrBe of Trog (D:9)
  4 rakshasas
  7 ice dragons
  7 yaktaur captains
  Erolcha (D:10)
  14 great orbs of eyes
  8 hydras
  2 catoblepae (Depths:2)
  17 naga warriors
  4 spriggan air magi
  3 merfolk avatars
  14 anacondas
  12 centaur warriors
  11 death knights
  9 merfolk aquamancers
  15 ogre magi
  53 two-headed ogres
  4 satyrs
  7 deep troll earth magi
  6 dancing weapons
  11 deep troll shamans
  9 naga sharpshooters
  Urug (Lair:4)
  An orc high priest (Orc:2)
  7 vampire magi
  A soul eater (Vaults:2)
  A shock serpent (shapeshifter) (Depths:3)
  8 tengu warriors
  9 shock serpents
  2 titan zombies
  7 spriggan berserkers
  11 deep elf knights
  7 hell knights
  12 skeletal warriors
  3 iron trolls
  4 shadow wraiths
  2 titan skeletons
  A sixfirhy (Depths:3)
  2 salamander mystics (Snake:4)
  2 sun demons (Depths:4)
  22 sea snakes
  An unseen horror (D:15)
  A spark wasp zombie (Crypt:1)
  33 deep trolls
  2 spriggan druids (Depths:2)
  A sea snake (shapeshifter) (Depths:5)
  An anaconda zombie (Crypt:3)
  3 glowing orange brains
  7 flayed ghosts
  6 deep elf archers
  2 lindwurms
  15 phantasmal warriors
  12 ironbrand convokers
  8 naga ritualists
  6 necromancers
  A sphinx zombie (Crypt:2)
  An orb spider (shapeshifter) (Depths:1)
  15 orc knights
  23 harpies
  3 wolf spiders
  3 wizards
  6 orc sorcerers
  38 deep elf magi
  50 ugly things
  6 shining eyes
  15 manticores
  7 cyclopes
  14 oklob plants
  A cyclops (shapeshifter) (Depths:5)
  6 mana vipers
  A stone giant zombie (Crypt:3)
  8 salamanders
  4 large abominations (Elf:1)
  A salamander (shapeshifter) (D:15)
  18 fauns
  A frost giant zombie (Crypt:2)
  5 merfolk sirens
  11 moths of wrath
  12 elephants
  A moth of wrath (shapeshifter) (Depths:5)
  A guardian serpent (shapeshifter) (D:11)
  7 water nymphs
  12 guardian serpents
  3 rust devils
  9 vault sentinels
  33 black mambas
  A centaur zombie (D:10)
  18 naga magi
  An eye of devastation (Slime:4)
  2 torpor snails
  An alligator snapping turtle zombie (Crypt:1)
  A storm dragon simulacrum (Crypt:2)
  A purple draconian zombie (Crypt:2)
  2 spriggan zombies (D:15)
  A gargoyle (D:15)
  11 spiny frogs
  5 kobold demonologists
  An efreet (D:13)
  A yellow draconian zombie (Crypt:2)
  11 rime drakes
  A catoblepas zombie (Crypt:3)
  13 freezing wraiths
  6 komodo dragons
  42 yaktaurs
  A hellwing (Depths:3)
  A harpy zombie (Crypt:2)
  15 trolls
  A troll (shapeshifter) (Depths:3)
  6 meliai
  9 tengu conjurers
  4 wind drakes
  4 polar bears
  20 merfolk
  3 bog bodies
  A harpy skeleton (Crypt:3)
  3 meliai (shapeshifter)
  A sphinx simulacrum (Depths:2)
  8 hornets
  A death drake skeleton (Crypt:3)
  A raiju (shapeshifter) (Depths:2)
  24 hippogriffs
  A fire giant simulacrum (Crypt:3)
  Grinder (D:6)
  An ice dragon zombie (Crypt:1)
  8 snapping turtles
  A tarantella zombie (Crypt:1)
  72 slime creatures
  Prince Ribbit (Lair:1)
  18 blink frogs
  10 dream sheep
  A redback (shapeshifter) (Vaults:1)
  5 flying skulls (Crypt:1)
  5 air elementals
  A redback (Depths:2)
  2 vampires
  11 wyverns
  2 ushabtiu (Crypt:3)
  3 shadows
  3 spriggans (Depths:2)
  10 wraiths
  7 hogs (Snake:2)
  7 basilisks
  A fire bat (shapeshifter) (Depths:4)
  10 water elementals
  2 basilisks (shapeshifter)
  40 yaks
  A human (D:13)
  10 golden eyes
  8 vampire mosquitoes
  A steam dragon (D:14)
  A hungry ghost (D:14)
  8 wargs
  53 nagas
  2 soldier ants
  7 swamp worms (Lair:3)
  3 acid dragons
  2 floating eyes
  3 hell hounds (Depths:2)
  19 water moccasins
  11 porcupines
  4 ice beasts
  3 black bears
  42 orc warriors
  A sky beast (D:10)
  A black bear (shapeshifter) (Vaults:1)
  5 eyes of draining
  An ettin simulacrum (Depths:2)
  2 necrophages
  A tengu (shapeshifter) (D:15)
  4 boggarts
  46 ogres
  22 centaurs
  6 wolves
  A hippogriff zombie (Crypt:3)
  A lindwurm skeleton (Crypt:2)
  19 crocodiles
  7 big kobolds
  An elf zombie (Elf:1)
  A salamander skeleton (Crypt:1)
  16 bullfrogs
  A wyvern zombie (D:13)
  A komodo dragon skeleton (Crypt:3)
  A komodo dragon zombie (Crypt:1)
  An earth elemental (Elf:2)
  A gnoll sergeant (D:12)
  2 wyvern skeletons
  4 scorpions
  An orc simulacrum (Vaults:1)
  20 killer bees
  15 wights
  A spriggan skeleton (Crypt:2)
  5 howler monkeys
  A wolf zombie (Crypt:2)
  3 electric eels
  8 crimson imps
  12 hounds
  2 quasits
  A wolf skeleton (Crypt:2)
  2 human simulacra (Vaults:3)
  2 bullfrog zombies
  A human zombie (Crypt:3)
  A gnoll shaman (D:4)
  21 orc priests
  A jelly (D:8)
  7 bullfrog skeletons
  4 centaur skeletons
  5 iguanas
  A human skeleton (Crypt:3)
  32 orc wizards
  9 worker ants
  An acid dragon zombie (Crypt:1)
  4 hound skeletons
  2 worker ant zombies
  13 gnolls
  11 adders
  A howler monkey skeleton (D:10)
  4 shadow imps
  An ooze (D:7)
  An adder zombie (D:9)
  12 worms
  A dart slug (D:4)
  5 leopard geckos
  113 orcs
  3 bats
  3 giant cockroaches
  16 goblins
  13 hobgoblins
  13 jackals
  12 kobolds
  4 quokkas
  A river rat zombie (Crypt:3)
  2 ball pythons
  3 frilled lizards
  A quokka zombie (Crypt:3)
  3 rats
  6 fungi
  11 plants
2160 creatures vanquished.

Vanquished Creatures (others)
  An orb of fire (Zot:5)
  A curse toe (Zot:5)
  A Killer Klown (Zot:5)
  A golden dragon (Depths:3)
  An electric golem (Zot:5)
  A lich (Depths:1)
  4 tentacled monstrosities
  2 Orb Guardians (Zot:5)
  An acid blob (Zot:5)
  2 ancient champions
  A shadow dragon (Depths:5)
  2 storm dragons
  A fire giant (Depths:5)
  An azure jelly (Zot:5)
  A frost giant (Vaults:4)
  A ghoul (Crypt:1)
  2 draconian annihilators
  2 curse skulls
  4 ironheart preservers
  3 very ugly things
  6 stone giants
  2 green draconians
  2 red draconians (Zot:5)
  2 black draconians
  2 deep elf death magi
  An eidolon (Crypt:3)
  4 merfolk javelineers
  An ettin (Depths:3)
  A death ooze (Slime:5)
  3 fire dragons (Depths:3)
  4 yaktaur captains
  3 great orbs of eyes
  4 jiangshi
  3 ice dragons
  3 hydras
  2 merfolk avatars (Shoals:4)
  An alligator snapping turtle (Shoals:3)
  A spriggan air mage (Depths:4)
  6 two-headed ogres
  A satyr (Shoals:4)
  2 naga warriors (Snake:4)
  5 centaur warriors
  A death knight (Vaults:4)
  An ogre mage (Vaults:1)
  A deep troll shaman (Depths:4)
  A spriggan berserker (Depths:2)
  3 naga sharpshooters (Snake:4)
  A spriggan rider (Depths:3)
  A hell knight (Depths:2)
  3 shock serpents
  3 deep elf knights (Elf:2)
  2 storm dragon zombies (Crypt:1)
  2 iron trolls (Depths:4)
  A shadow wraith (Crypt:3)
  2 skeletal warriors
  A sea snake (Shoals:4)
  5 deep trolls
  A flayed ghost (Crypt:3)
  A glowing orange brain (Depths:3)
  7 orc knights
  2 phantasmal warriors (Crypt:2)
  A harpy (Shoals:4)
  4 ugly things
  2 deep elf archers
  A necromancer (Depths:2)
  A mana viper (Snake:3)
  2 deep elf magi (Elf:1)
  An orc sorcerer (Vaults:2)
  5 salamanders
  A wolf spider (Vaults:4)
  3 fauns
  5 moths of wrath
  2 manticores
  A stone giant zombie (Depths:2)
  A naga mage (Snake:1)
  4 black mambas
  3 elephants
  A large abomination (Elf:1)
  A gargoyle (D:13)
  An emperor scorpion zombie (Crypt:3)
  15 yaktaurs
  A freezing wraith (Crypt:3)
  A purple draconian skeleton (Crypt:1)
  6 merfolk
  17 slime creatures
  2 hippogriffs
  A shadow (D:15)
  A wraith (Crypt:1)
  An ushabti (Crypt:3)
  A basilisk (Lair:4)
  4 nagas
  An acid dragon (Vaults:2)
  A water moccasin (shapeshifter) (Depths:1)
  A swamp worm (Lair:3)
  6 orc warriors
  5 ogres
  5 centaurs
  An elf zombie (Elf:1)
  A crocodile (Lair:2)
  93 jellies
  An orc wizard (Vaults:3)
  An orc priest (Vaults:3)
  A felid skeleton (Crypt:1)
  A deep dwarf skeleton (Crypt:2)
  8 orcs
  A jackal (D:8)
  A kobold (D:11)
  A bush (Lair:6)
  A demonic plant (D:11)
  65 fungi
  156 plants
  5 withered plants (D:15)
577 creatures vanquished.

Grand Total: 2737 creatures vanquished

Notes
Turn   | Place    | Note
-------+----------+-------------------------------------------
     0 | D:1      | xgamer67 the Human Gladiator began the quest for the Orb.
     0 | D:1      | Reached XP level 1. HP: 16/16 MP: 1/1
   297 | D:1      | Reached XP level 2. HP: 16/23 MP: 2/2
   700 | D:1      | Reached skill level 3 in Fighting
   902 | D:2      | Found a shadowy altar of Dithmenos.
  1004 | D:2      | Reached XP level 3. HP: 29/29 MP: 3/3
  1517 | D:2      | Found a sparkling altar of Nemelex Xobeh.
  1517 | D:2      | Found an ornate altar of the Wu Jian Council.
  1537 | D:2      | Found a bloodstained altar of Trog.
  1539 | D:2      | Found a sacrificial altar of Ru.
  1540 | D:2      | Found a deep blue altar of Sif Muna.
  1553 | D:2      | Became a worshipper of Ru the Awakened
  1765 | D:3      | Reached XP level 4. HP: 37/37 MP: 4/4
  1789 | D:3      | Reached skill level 4 in Fighting
  2200 | D:3      | Reached skill level 5 in Fighting
  2200 | D:3      | Reached XP level 5. HP: 35/44 MP: 5/5
  2275 | D:3      | Noticed a necrophage
  2287 | D:3      | Killed a necrophage
  2287 | D:3      | Reached XP level 6. HP: 41/50 MP: 6/6
  2665 | D:3      | Found a glowing silver altar of Zin.
  3219 | D:4      | Gained mutation: You are sensitive to extremes of temperature. (rF-, rC-) [Ru sacrifice]
  3219 | D:4      | Reached * piety under Ru
  3219 | D:4      | Reached ** piety under Ru
  3583 | D:4      | Found Feoblat's Jewellery Boutique.
  3590 | D:4      | Bought a cursed ring of loudness for 49 gold pieces
  3638 | D:4      | Found a radiant altar of Vehumet.
  3674 | D:4      | Reached XP level 7. HP: 45/56 MP: 7/7
  4633 | D:5      | Entered Level 5 of the Dungeon
  5070 | D:5      | HP: 1/56 [gnoll (6)]
  5378 | D:5      | Reached skill level 5 in Dodging
  5383 | D:5      | Reached skill level 5 in Armour
  5383 | D:5      | Reached XP level 8. HP: 50/62 MP: 8/8
  5733 | D:5      | Found an iron altar of Okawaru.
  6060 | D:6      | Found a staircase to the Ecumenical Temple.
  6221 | D:6      | Reached skill level 5 in Maces & Flails
  6501 | D:6      | Noticed Grinder
  6511 | D:6      | Killed Grinder
  6551 | D:6      | Gained mutation: You are somewhat inexperienced. (-2 XL) [Ru sacrifice]
  6551 | D:6      | Reached XP level 7. HP: 42/56 MP: 7/7
  6551 | D:6      | Reached XP level 6. HP: 42/51 MP: 6/6
  6551 | D:6      | Reached *** piety under Ru
  6551 | D:6      | Reached **** piety under Ru
  6689 | D:6      | Reached XP level 7. HP: 56/56 MP: 7/7
  7595 | D:8      | Reached XP level 8. HP: 50/62 MP: 8/8
  7860 | D:8      | Found an ancient bone altar of Kikubaaqudgha.
  7944 | D:8      | Noticed a dream sheep
  7944 | D:8      | Noticed a dream sheep
  7945 | D:8      | Noticed a yak
  7946 | D:8      | Noticed a yak
  7948 | D:8      | Noticed a three-headed hydra
  8508 | D:8      | Reached XP level 9. HP: 62/68 MP: 9/9
  8762 | D:8      | Reached skill level 10 in Maces & Flails
  9147 | D:8      | Noticed a two-headed ogre
  9174 | D:9      | Noticed a guardian serpent
  9180 | D:9      | Noticed tstbtto's ghost (journeyman DrBe)
  9182 | D:10     | Entered Level 10 of the Dungeon
  9203 | D:10     | Gained mutation: Potions are less effective at restoring your health. [Ru sacrifice]
  9203 | D:10     | Reached ***** piety under Ru
  9275 | D:10     | Found Harynli's Jewellery Boutique.
  9367 | D:10     | Found a staircase to the Lair.
  9367 | D:10     | Noticed a hippogriff
  9368 | D:10     | Noticed a troll
  9381 | D:10     | Killed a hippogriff
  9394 | D:10     | Killed a troll
  9427 | D:10     | Noticed Erolcha
  9488 | D:11     | Reached skill level 7 in Fighting
  9488 | D:11     | Reached XP level 10. HP: 31/80 MP: 10/10
  9738 | D:11     | Noticed a harpy
  9894 | Lair:1   | Entered Level 1 of the Lair of Beasts
  9897 | Lair:1   | Reached XP level 11. HP: 80/85 MP: 11/11
 10570 | Lair:1   | Noticed Prince Ribbit
 10580 | Lair:1   | Killed Prince Ribbit
 11443 | Lair:1   | Reached XP level 12. HP: 91/92 MP: 12/12
 11843 | Lair:2   | Gained mutation: You cannot be stealthy. [Ru sacrifice]
 12375 | Lair:2   | Found a staircase to the Snake Pit.
 12400 | Lair:2   | Reached skill level 8 in Fighting
 13074 | Lair:3   | Noticed a four-headed hydra
 13094 | Lair:3   | Killed a four-headed hydra
 13460 | Lair:3   | Reached skill level 9 in Fighting
 14170 | Lair:3   | Identified a scroll of acquirement
 14793 | Lair:4   | Found a staircase to the Shoals.
 14909 | Lair:4   | Noticed Rupert
 15299 | Lair:5   | Reached XP level 13. HP: 91/103 MP: 13/13
 15360 | Lair:5   | Reached skill level 10 in Fighting
 15572 | Lair:5   | Reached skill level 10 in Armour
 16069 | Lair:5   | Noticed an eight-headed hydra
 16080 | Lair:5   | Killed an eight-headed hydra
 16237 | Lair:5   | Noticed a seven-headed hydra
 16244 | Lair:5   | Killed a seven-headed hydra
 16504 | Lair:6   | Entered Level 6 of the Lair of Beasts
 16568 | Lair:6   | Noticed a four-headed hydra
 16575 | Lair:6   | Killed a four-headed hydra
 17447 | Lair:6   | Noticed an eight-headed hydra
 17573 | Lair:6   | Killed an eight-headed hydra
 18115 | Lair:6   | Noticed a seven-headed hydra
 18129 | Lair:6   | Killed a seven-headed hydra
 18162 | Lair:6   | Reached skill level 11 in Fighting
 18447 | Lair:6   | Reached XP level 14. HP: 110/113 MP: 14/14
 18725 | Lair:6   | Reached skill level 12 in Fighting
 19226 | Lair:6   | Noticed a dire elephant
 19255 | Lair:6   | Killed a dire elephant
 19343 | Lair:6   | Reached skill level 13 in Fighting
 20165 | Lair:6   | Found a staircase to the Slime Pits.
 20696 | Lair:6   | Got a translucent plate armour
 21116 | Lair:6   | Identified the +6 plate armour "Naklac" {rC- Int+5} (You found it on level 6 of the Lair of Beasts)
 21248 | Lair:4   | Paralysed by Rupert for 4 turns
 21265 | Lair:4   | Killed Rupert
 21265 | Lair:4   | Reached skill level 14 in Fighting
 21649 | Lair:4   | Noticed Urug
 21682 | Lair:4   | Killed Urug
 22202 | Lair:4   | Reached XP level 15. HP: 38/126 MP: 15/15
 22733 | Lair:4   | Noticed Josephine
 22744 | Lair:4   | Killed Josephine
 23305 | D:10     | Killed Erolcha
 23352 | D:10     | Found a staircase to the Orcish Mines.
 24039 | D:10     | Noticed Sonja
 24042 | D:10     | Noticed Sonja
 24042 | D:10     | Sonja changed into Sonja the sky beast
 24045 | D:10     | Killed Sonja the sky beast
 24517 | D:9      | Killed tstbtto's ghost
 24570 | D:9      | Gained mutation: You cannot study or cast Ice magic. [Ru sacrifice]
 24570 | D:9      | Gained mutation: You cannot study or cast Transmutations magic. [Ru sacrifice]
 24570 | D:9      | Gained mutation: You cannot study or cast Conjurations magic. [Ru sacrifice]
 24570 | D:9      | Reached ****** piety under Ru
 24728 | D:9      | Found Nuonuq's General Store.
 24943 | D:9      | Found a shimmering altar of Xom.
 24944 | D:9      | Found a shimmering altar of Xom.
 24944 | D:9      | Found a shimmering altar of Xom.
 24945 | D:9      | Found a shimmering altar of Xom.
 24946 | D:9      | Found a shimmering altar of Xom.
 24946 | D:9      | Found a shimmering altar of Xom.
 25085 | D:9      | You fall through a shaft!
 25403 | D:8      | Reached skill level 10 in Dodging
 25417 | D:8      | Learned a level 1 spell: Animate Skeleton
 25419 | D:8      | Learned a level 1 spell: Apportation
 25421 | D:8      | Learned a level 1 spell: Summon Butterflies
 25424 | D:8      | Learned a level 2 spell: Swiftness
 25738 | D:11     | Found a corrupted altar of Lugonu.
 28057 | Orc:1    | Entered Level 1 of the Orcish Mines
 28521 | Orc:1    | Found Doihe's Weapon Shop.
 28555 | Orc:1    | Found Resuimum's General Store.
 28755 | Orc:1    | Noticed Gastronok
 28763 | Orc:1    | Found Osorchox's General Store.
 28770 | Orc:1    | Killed Gastronok
 28955 | Orc:2    | Entered Level 2 of the Orcish Mines
 28955 | Orc:2    | Noticed Donald
 28991 | Orc:2    | Found a staircase to the Elven Halls.
 29662 | Orc:2    | Reached XP level 16. HP: 128/134 MP: 16/16
 29682 | Orc:2    | Found Riurec's Weapon Shop.
 29685 | Orc:2    | Found Arusoota's Gadget Shop.
 30253 | Orc:2    | Reached skill level 15 in Fighting
 30349 | Orc:2    | Paralysed by an orc sorcerer for 3 turns
 30764 | Orc:2    | Found Diepo's Jewellery Shoppe.
 30811 | Orc:2    | Killed Donald
 31399 | Orc:2    | Found Gockag's Assorted Antiques.
 31404 | Orc:2    | Found Umedooz's Jewellery Boutique.
 32004 | Orc:2    | Bought the ring of Suspected Treachery {-Tele *Contam rF++ rC+ rN+ Str+5} for 854 gold pieces
 32013 | Orc:2    | Bought a pair of embroidered boots for 165 gold pieces
 32038 | Orc:2    | Bought a +4 ring of slaying for 1014 gold pieces
 32192 | D:13     | Found Loewko's Antique Armour Emporium.
 32213 | D:13     | Reached skill level 1 in Shields
 32322 | D:13     | Found Payprou's Book Shop.
 32500 | D:13     | Found Xuurok's Food Shop.
 33312 | D:13     | Found a gate to the Vaults.
 33549 | D:14     | Reached skill level 5 in Shields
 34632 | D:14     | Reached XP level 17. HP: 142/142 MP: 17/17
 35163 | D:4      | Bought an uncursed amulet of regeneration for 330 gold pieces
 35419 | D:15     | Entered Level 15 of the Dungeon
 36145 | D:15     | Found a staircase to the Depths.
 36325 | D:15     | Reached skill level 10 in Shields
 36608 | D:15     | Got an encrusted morningstar
 36609 | D:15     | Identified the +8 morningstar "Zeesch" {distort, +Fly rPois Str+9 Dex-2} (You acquired it on level 15 of the Dungeon)
 36659 | D:15     | Found a sparkling altar of Nemelex Xobeh.
 37084 | Orc:1    | Bought a scroll of identify for 26 gold pieces
 37143 | Orc:2    | Bought a scroll of identify for 44 gold pieces
 37143 | Orc:2    | Bought a scroll of identify for 44 gold pieces
 37305 | D:15     | Learned a level 3 spell: Lesser Beckoning
 37339 | D:15     | Learned a level 4 spell: Passage of Golubria
 37535 | Snake:1  | Entered Level 1 of the Snake Pit
 37845 | Snake:1  | You are sucked into a shaft!
 39236 | Snake:2  | Noticed Kirke
 39878 | Snake:2  | Reached XP level 18. HP: 149/149 MP: 18/18
 40033 | Snake:2  | Banished Kirke
 40035 | Snake:2  | Reached skill level 15 in Maces & Flails
 40542 | Snake:3  | Noticed Agnes
 40549 | Snake:3  | Killed Agnes
 42002 | Shoals:1 | Entered Level 1 of the Shoals
 42987 | Shoals:2 | Got a clouded granite ring
 42989 | Shoals:2 | Identified the ring "Qeywap" {MR- AC+3 Slay+4} (You found it on level 2 of the Shoals)
 43537 | Shoals:2 | Noticed Nikola
 43619 | Shoals:2 | Killed Nikola
 43664 | Shoals:2 | Noticed Roxanne
 43682 | Shoals:2 | Killed Roxanne
 44111 | Shoals:3 | Noticed Aizul
 44283 | Shoals:3 | Killed Aizul
 44444 | Shoals:3 | Reached XP level 19. HP: 121/155 MP: 19/19
 44793 | Shoals:3 | Reached skill level 15 in Shields
 45167 | Shoals:4 | Entered Level 4 of the Shoals
 45293 | Snake:1  | Reached skill level 1 in Summonings
 45373 | Snake:4  | Entered Level 4 of the Snake Pit
 45388 | Snake:4  | Reached skill level 1 in Spellcasting
 45400 | Snake:4  | Reached skill level 1 in Charms
 45409 | Snake:4  | Reached skill level 1 in Translocations
 45434 | Snake:4  | Reached skill level 1 in Necromancy
 45434 | Snake:4  | Reached skill level 1 in Air Magic
 46816 | Snake:4  | Got a serpentine rune of Zot
 47074 | Snake:4  | Reached XP level 20. HP: 162/162 MP: 26/26
 47164 | Snake:4  | Noticed Vashnia
 47198 | Snake:4  | Reached skill level 5 in Translocations
 47214 | Snake:4  | Killed Vashnia
 47705 | Snake:4  | Found Fuevyevo's Jewellery Emporium.
 47706 | Snake:4  | Found Wuusay's Gadget Shop.
 47706 | Snake:4  | Found Linaimi's Gadget Shop.
 48103 | Vaults:1 | Entered Level 1 of the Vaults
 48204 | Vaults:1 | Found a flickering gateway to a bazaar.
 48213 | Bazaar   | Entered a bazaar
 48213 | Bazaar   | Found Taadeoso's Food Shoppe.
 48213 | Bazaar   | Found Resypiw's Assorted Antiques.
 48213 | Bazaar   | Found Vixzomy's Antique Weapon Shoppe.
 48213 | Bazaar   | Found Ympieps's Weapon Shop.
 48282 | Bazaar   | Found Tuyputoi's Armour Emporium.
 48282 | Bazaar   | Found Nehadyng's Gadget Shop.
 48307 | Bazaar   | Bought a phial of floods for 360 gold pieces
 48319 | Bazaar   | Bought a scroll of teleportation for 66 gold pieces
 48319 | Bazaar   | Bought a scroll of identify for 44 gold pieces
 48319 | Bazaar   | Bought a scroll of magic mapping for 77 gold pieces
 48528 | Vaults:1 | Reached skill level 15 in Armour
 48578 | Vaults:1 | Identified the Catalogue of Dislocated Unholy Arts
 49739 | Vaults:1 | Paralysed by a great orb of eyes for 5 turns
 49811 | Vaults:1 | Paralysed by a great orb of eyes for 5 turns
 49822 | Vaults:1 | Paralysed by a great orb of eyes for 4 turns
 49828 | Vaults:1 | Reached XP level 21. HP: 135/170 MP: 27/27
 50600 | Vaults:2 | Reached skill level 16 in Fighting
 51019 | Vaults:2 | Found a staircase to the Crypt.
 52130 | Vaults:3 | Reached skill level 15 in Dodging
 52686 | Vaults:3 | Paralysed by an orc sorcerer for 3 turns
 53456 | Vaults:3 | Noticed an iron giant
 53456 | Vaults:3 | an acid blob changed into an iron giant
 53458 | Vaults:3 | Noticed a caustic shrike
 53458 | Vaults:3 | an iron giant changed into a caustic shrike
 53467 | Vaults:3 | Reached skill level 10 in Translocations
 53472 | Vaults:3 | Killed a caustic shrike
 53789 | Vaults:3 | Reached XP level 22. HP: 155/178 MP: 28/28
 54744 | Vaults:4 | Noticed Saint Roka
 55294 | Vaults:4 | Identified the +3 morningstar "Yvvuamui" {holy, +Fly rPois Int-4} (You found it on level 4 of the Vaults)
 56721 | Vaults:4 | Killed Saint Roka
 57152 | Snake:4  | Bought the ring of Newireos {rF+ MR++ Str-3 Int+2 Stlth+} for 657 gold pieces
 57456 | Shoals:4 | Noticed Ilsuiw
 58187 | Shoals:4 | Reached XP level 23. HP: 183/184 MP: 29/29
 58224 | Shoals:4 | Killed Ilsuiw
 58401 | Shoals:4 | Got a barnacled rune of Zot
 58563 | Shoals:4 | Found an iron altar of Okawaru.
 59841 | Depths:1 | Entered Level 1 of the Depths
 60004 | Depths:1 | Found Lavuewni's Changing Room.
 60098 | Depths:1 | Found Xiumnuext's Weapon Shop.
 60103 | Depths:1 | Found Dinlafay's Magic Scroll Shop.
 60178 | Depths:1 | Found a gateway to Hell.
 60978 | Depths:1 | Reached skill level 5 in Charms
 60984 | Depths:1 | Reached skill level 5 in Summonings
 61207 | Depths:1 | Reached skill level 5 in Spellcasting
 62497 | Depths:2 | Found a one-way gate to the infinite horrors of the Abyss.
 62735 | Depths:2 | Reached XP level 24. HP: 183/191 MP: 32/32
 62772 | Depths:2 | Noticed a caustic shrike
 62837 | Depths:2 | Killed a caustic shrike
 65095 | Depths:3 | Noticed a golden dragon
 65325 | Depths:3 | Found a one-way gate leading to the halls of Pandemonium.
 66602 | Depths:4 | Reached XP level 25. HP: 99/197 MP: 35/35
 66652 | Depths:4 | Reached skill level 15 in Translocations
 67777 | Depths:5 | Entered Level 5 of the Depths
 68793 | Depths:5 | Found a gate to the Realm of Zot.
 69595 | Depths:5 | Found a gateway to a ziggurat.
 70327 | Snake:4  | Bought a lamp of fire for 760 gold pieces
 70404 | Snake:2  | Reached skill level 17 in Fighting
 70549 | Elf:1    | Entered Level 1 of the Elven Halls
 71014 | Elf:1    | Identified Rivegg's Tome of Black Rites
 71770 | Elf:2    | Found a huge runed gate.
 71772 | Elf:2    | Found a huge runed gate.
 71775 | Elf:2    | Found a huge runed gate.
 72330 | Elf:3    | Entered Level 3 of the Elven Halls
 72687 | D:10     | Bought an uncursed ring of resist corrosion for 260 gold pieces
 72872 | Slime:1  | Entered Level 1 of the Pits of Slime
 72990 | Slime:1  | Reached skill level 10 in Spellcasting
 73027 | Slime:2  | Gained mutation: You have sharp fingernails. [a shining eye]
 73127 | Slime:2  | Gained mutation: Armour fits poorly on your strangely shaped body. [a shining eye]
 73129 | Slime:2  | Gained mutation: You are frail. (-10% HP) [a shining eye]
 73503 | Slime:5  | Entered Level 5 of the Pits of Slime
 73530 | Slime:5  | Gained mutation: You are weak. (Str -2) [a shining eye]
 73532 | Slime:5  | Gained mutation: Your magical capacity is low. (-10% MP) [a shining eye]
 73536 | Slime:5  | Gained mutation: Your body sometimes deteriorates upon taking damage. [a shining eye]
 73537 | Slime:5  | Gained mutation: You are very weak. (Str -4) [a shining eye]
 73539 | Slime:5  | Gained mutation: Your magical capacity is very low. (-20% MP) [a shining eye]
 73627 | Slime:4  | Gained mutation: You occasionally shout uncontrollably at your foes. [a shining eye]
 73774 | Slime:4  | Lost mutation: Your magical capacity is very low. (-20% MP) [potion of mutation]
 73774 | Slime:4  | Lost mutation: Armour fits poorly on your strangely shaped body. [potion of mutation]
 73774 | Slime:4  | Lost mutation: You are frail. (-10% HP) [potion of mutation]
 73774 | Slime:4  | Lost mutation: Your body sometimes deteriorates upon taking damage. [potion of mutation]
 73774 | Slime:4  | Lost mutation: Your magical capacity is low. (-10% MP) [potion of mutation]
 73774 | Slime:4  | Gained mutation: You have a pair of small antennae on your head. [potion of mutation]
 73774 | Slime:4  | Gained mutation: You are partially covered in rugged brown scales. (AC +1, +3% HP) [potion of mutation]
 73804 | Slime:5  | Paralysed by a great orb of eyes for 5 turns
 74008 | Slime:5  | Reached skill level 18 in Fighting
 74044 | Slime:5  | Noticed the Royal Jelly
 74125 | Slime:4  | Lost mutation: You are very weak. (Str -4) [a shining eye]
 74244 | Slime:5  | Found a viscous altar of Jiyva.
 74285 | Slime:5  | Banished the Royal Jelly
 74793 | Slime:4  | Paralysed by a floating eye for 2 turns
 74800 | Slime:4  | Gained mutation: You tend to lose your temper in combat. [a shining eye]
 74811 | Slime:4  | Paralysed by a floating eye for 4 turns
 74817 | Slime:4  | Gained mutation: You are occasionally teleported next to monsters. [a shining eye]
 74820 | Slime:4  | Gained mutation: Scrolls take you a little longer to read. [a shining eye]
 74822 | Slime:4  | Lost mutation: You have sharp fingernails. [potion of mutation]
 74822 | Slime:4  | Lost mutation: You tend to lose your temper in combat. [potion of mutation]
 74822 | Slime:4  | Lost mutation: You occasionally shout uncontrollably at your foes. [potion of mutation]
 74822 | Slime:4  | Lost mutation: You are weak. (Str -2) [potion of mutation]
 74822 | Slime:4  | Gained mutation: You possess an exceptional clarity of mind. [potion of mutation]
 74823 | Slime:4  | Lost mutation: You possess an exceptional clarity of mind. [potion of mutation]
 74823 | Slime:4  | Lost mutation: Scrolls take you a little longer to read. [potion of mutation]
 74823 | Slime:4  | Lost mutation: You have a pair of small antennae on your head. [potion of mutation]
 74823 | Slime:4  | Lost mutation: You are partially covered in rugged brown scales. (AC +1, +3% HP) [potion of mutation]
 74823 | Slime:4  | Lost mutation: You are occasionally teleported next to monsters. [potion of mutation]
 74823 | Slime:4  | Gained mutation: Armour fits poorly on your strangely shaped body. [potion of mutation]
 74823 | Slime:4  | Gained mutation: Scrolls take you a little longer to read. [potion of mutation]
 74823 | Slime:4  | Gained mutation: You have large cloven feet. [potion of mutation]
 74823 | Slime:4  | Gained mutation: You are partially covered in yellow scales. (AC +2) [potion of mutation]
 74824 | Slime:4  | Lost mutation: Scrolls take you a little longer to read. [potion of mutation]
 74824 | Slime:4  | Lost mutation: Armour fits poorly on your strangely shaped body. [potion of mutation]
 74824 | Slime:4  | Lost mutation: You are partially covered in yellow scales. (AC +2) [potion of mutation]
 74824 | Slime:4  | Lost mutation: You have large cloven feet. [potion of mutation]
 74824 | Slime:4  | Gained mutation: You have a pair of small antennae on your head. [potion of mutation]
 74824 | Slime:4  | Gained mutation: You have sharp toenails. [potion of mutation]
 75108 | Slime:5  | Fell from the grace of Ru
 75108 | Slime:5  | Became a worshipper of Jiyva Jiuga the Shapeless
 75371 | Lair:5   | Lost mutation: You have a pair of small antennae on your head. [potion of mutation]
 75371 | Lair:5   | Lost mutation: You have sharp toenails. [potion of mutation]
 75371 | Lair:5   | Gained mutation: You have a somewhat thin skeletal structure. (Dex +2, Stealth) [potion of mutation]
 75371 | Lair:5   | Gained mutation: You are partially covered in yellow scales. (AC +2) [potion of mutation]
 75371 | Lair:5   | Gained mutation: You are frail. (-10% HP) [potion of mutation]
 75371 | Lair:5   | Gained mutation: You are surrounded by a mild repulsion field. (EV +2) [potion of mutation]
 75599 | Vaults:1 | Reached * piety under Jiyva
 75614 | Vaults:1 | Reached ** piety under Jiyva
 75647 | Crypt:1  | Entered Level 1 of the Crypt
 76196 | Crypt:1  | Noticed Mennas
 76240 | Crypt:1  | Killed Mennas
 77119 | Crypt:2  | Reached skill level 19 in Fighting
 77306 | Crypt:2  | Reached *** piety under Jiyva
 77307 | Crypt:2  | Lost mutation: You are partially covered in yellow scales. (AC +2) [potion of mutation]
 77307 | Crypt:2  | Lost mutation: You are frail. (-10% HP) [potion of mutation]
 77307 | Crypt:2  | Lost mutation: You are surrounded by a mild repulsion field. (EV +2) [potion of mutation]
 77307 | Crypt:2  | Lost mutation: You have a somewhat thin skeletal structure. (Dex +2, Stealth) [potion of mutation]
 77307 | Crypt:2  | Gained mutation: Your spells are a little harder to cast, but a little more powerful. [potion of mutation]
 77307 | Crypt:2  | Gained mutation: You have a pair of small horns on your head. [potion of mutation]
 77307 | Crypt:2  | Gained mutation: You have supernaturally acute eyesight. (SInv) [potion of mutation]
 77508 | Crypt:2  | Gained mutation: Armour fits poorly on your strangely shaped body. [Jiyva's grace]
 78623 | Crypt:3  | Entered Level 3 of the Crypt
 78797 | Crypt:3  | Found a staircase to the Tomb.
 78945 | Crypt:3  | Reached **** piety under Jiyva
 79153 | Crypt:3  | Lost mutation: Armour fits poorly on your strangely shaped body. [potion of mutation]
 79153 | Crypt:3  | Lost mutation: Your spells are a little harder to cast, but a little more powerful. [potion of mutation]
 79153 | Crypt:3  | Gained mutation: You have large cloven feet. [potion of mutation]
 79153 | Crypt:3  | Gained mutation: You have a beak for a mouth. [potion of mutation]
 79887 | Crypt:3  | Gained mutation: Your translucent skin slightly reduces your foes' accuracy. (Stealth) [Jiyva's grace]
 80449 | Crypt:3  | Lost mutation: You have a pair of small horns on your head. [Jiyva's grace]
 80452 | Crypt:3  | Noticed a curse toe
 80463 | Crypt:3  | Reached ***** piety under Jiyva
 80765 | Vaults:2 | Gained mutation: You have a pair of small antennae on your head. [Jiyva's grace]
 80773 | Vaults:2 | Gained mutation: Your translucent skin reduces your foes' accuracy. (Stealth) [Jiyva's grace]
 80781 | Vaults:1 | Gained mutation: Your spells are a little harder to cast, but a little more powerful. [Jiyva's grace]
 80796 | Vaults:1 | Reached ****** piety under Jiyva
 80830 | Vaults:1 | Gained mutation: You have a somewhat thin skeletal structure. (Dex +2, Stealth) [Jiyva's grace]
 81138 | Slime:5  | Gained mutation: You have a small jelly attached to you that may absorb incoming projectiles. [Jiyva's grace]
 81154 | Slime:5  | Identified the +1 plate armour of the Ditch-Digger {rElec} (You found it on level 5 of the Pits of Slime)
 81161 | Slime:5  | Lost mutation: Your spells are a little harder to cast, but a little more powerful. [Jiyva's grace]
 81167 | Slime:5  | Gained mutation: You have a pair of antennae on your head. [Jiyva's grace]
 81180 | Slime:5  | Gained mutation: Your rubbery body absorbs attacks. (AC +1, EV +1) [Jiyva's grace]
 81190 | Slime:5  | Got a slimy rune of Zot
 81192 | Slime:5  | Identified the +0 cloak of Bycrikess {+Fly rC+} (You found it on level 5 of the Pits of Slime)
 81194 | Slime:5  | Identified the Almanac of Self-Improvement and Moulding
 81584 | D:15     | Lost mutation: You have a pair of antennae on your head. [Jiyva's grace]
 81604 | Depths:1 | Bought a scroll of blinking for 150 gold pieces
 81740 | Zot:1    | Entered Level 1 of the Realm of Zot
 81926 | Zot:2    | Reached skill level 20 in Fighting
 82003 | Depths:5 | Lost mutation: You have a pair of small antennae on your head. [Jiyva's grace]
 82511 | Zot:2    | Gained mutation: Potions are poor at restoring your health. [Jiyva's grace]
 82685 | Zot:3    | Noticed a curse toe
 83159 | Zot:5    | Entered Level 5 of the Realm of Zot
 83247 | Zot:5    | Noticed an ancient lich
 83526 | Zot:5    | Noticed a curse toe
 83532 | Zot:5    | Banished a curse toe
 83543 | Zot:5    | Noticed a Killer Klown
 83557 | Zot:5    | Killed an ancient lich
 83577 | Zot:5    | Noticed an orb of fire
 83577 | Zot:5    | Gained mutation: You are clumsy. (Dex -2) [an orb of fire]
 83701 | Zot:4    | Lost mutation: You have large cloven feet. [Jiyva's grace]
 83752 | Zot:5    | Killed an orb of fire
 83916 | Zot:5    | Noticed an orb of fire
 84002 | Zot:5    | Noticed a curse toe
 84091 | Zot:5    | Lost mutation: Your rubbery body absorbs attacks. (AC +1, EV +1) [Jiyva's grace]
 84112 | Zot:5    | Noticed an orb of fire
 84113 | Zot:5    | Gained mutation: You are frail. (-10% HP) [an orb of fire]
 84125 | Zot:5    | Gained mutation: Your magical capacity is low. (-10% MP) [an orb of fire]
 84132 | Zot:5    | Noticed a Killer Klown
 84135 | Zot:5    | Gained mutation: You are very clumsy. (Dex -4) [an orb of fire]
 84136 | Zot:5    | Noticed an ancient lich
 84137 | Zot:5    | Noticed a Killer Klown
 84138 | Zot:5    | Gained mutation: You tend to lose your temper in combat. [an orb of fire]
 84156 | Zot:5    | Banished an orb of fire
 84156 | Zot:5    | Reached skill level 21 in Fighting
 84183 | Zot:5    | Killed a Killer Klown
 84195 | Zot:5    | Gained mutation: Your magical capacity is very low. (-20% MP) [an orb of fire]
 84200 | Zot:5    | HP: 4/192 [orb of fire/bolt of fire (9)]
 84204 | Zot:5    | Slimified a Killer Klown
 84204 | Zot:5    | a Killer Klown changed into an azure jelly
 84205 | Zot:5    | HP: 8/192 [orb of fire/bolt of fire (15)]
 84212 | Zot:5    | HP: 5/192 [orb of fire/bolt of fire (7)]
 84214 | Zot:5    | HP: 2/192 [orb of fire/fireball (5)]
 84216 | Zot:5    | Killed from afar by an orb of fire

Vault maps used:
D:1:      eino_arrival_druids_welcome
D:2:      grunt_dithmenos_smoke_and_mirrors,
          chequers_temple_overflow_minitemple, guppyfry_early_orc_mine
D:3:      marbit_many_paths, first_bread, hangedman_decor_points
D:4:      nicolae_overflow_crystal_walls, serial_shops,
          nicolae_shop_statue_plus, minivault_25
D:5:      okawaru_ov_weapons_minmay, grunt_decor_arrowhead,
          serial_park_tiny_pond, st_stairs_4
D:6:      minmay_temple_entry_enclosed_plants, uniq_grinder
D:8:      kiku_gazebo_pond_becter, hangedman_ranch
D:9:      xom_shifter_show, serial_shops,
          nicolae_shop_temple_entry_statues_fountains,
          nrook_guardian_serpent_ordinary
D:10:     david_lair_generic, erik_orc_3, serial_shops, kennysheep_little_box,
          uniq_sonja, uniq_erolcha
D:11:     kennysheep_kobold_lugonu_temple
D:13:     grunt_vaults_entry_fortified, serial_shops, shop, shop,
          nicolae_shop_crystal
D:14:     lemuel_ice_spiral_2, minivault_24
D:15:     gammafunk_depths_entry_grave, nemelex_xobeh_ov_fountains_minmay
Lair:1:   small_statue_intersection, beast_lair_carwin_8,
          infiniplex_staircase_pool, minmay_lair_oklob_chamber,
          uniq_prince_ribbit2
Lair:2:   guppyfry_snake_entry_garden, lemuel_fruit_fields
Lair:3:   nicolae_volcano_entry_vermiform, worms_lemuel
Lair:4:   elwin_shoals_entry_rocks, kennysheep_basilisk_garden, uniq_urug,
          uniq_josephine, uniq_rupert
Lair:6:   gammafunk_lair_ancient_temple, dpeg_slime_entry_corner, special_room
Shoals:2: uniq_roxanne, uniq_nikola
Shoals:3: nicolae_shoals_mertower, uniq_aizul
Shoals:4: shoals_end_grunt_garden, shoal_ilsuiw, lemuel_oklob_altar
Snake:2:  portal_ice_cave_entry_pillars_1, st_stairs_3, uniq_kirke
Snake:3:  uniq_agnes
Snake:4:  grunt_snake_rune_pools, grunt_megastairs_1, minmay_shop_grove,
          serial_bayou_shore_b, uniq_vashnia
Slime:3:  cheibrodos_slime_lost_civilization_10
Slime:4:  cheibrodos_slime_lost_civilization_2
Orc:1:    serial_shops, shop, shop_fountains, shop, uniq_gastronok
Orc:2:    st_orc_open, serial_shops, nicolae_shop_trees, uniq_donald
Elf:1:    elf_arrival_001, minmay_elf_necromancy, elves_outpost_lemuel
Elf:3:    grunt_elf_hall_branching
Vaults:1: hangedman_vaults_hat, v_misc_22, hangedman_vaults_maws,
          nicolae_vaults_theta, v_misc_32, nicolae_vaults_asterisk, v_misc_16,
          ontoclasm_vaults_pinch, nicolae_vaults_rhombus_6,
          nicolae_vaults_ring_of_whatevers,
          vaults_standard_mumra_enter_the_diamond, serial_shops, freezing_bzr
Vaults:2: nicolae_vaults_minivaults, v_misc_26, nicolae_vaults_alarming,
          nicolae_vaults_little_squares_3, blue_anna_dwarven_crypt,
          vaults_dpeg_cross, v_misc_18, nicolae_vaults_theta,
          hangedman_vaults_locks
Vaults:3: nicolae_vaults_big_angled_halls, v_misc_5, st_hourglassy, v_pattern_2,
          v_misc_14, v_misc_29, ontoclasm_vaults_bender, nicolae_vaults_theta,
          vaults_mumra_lcd, ontoclasm_vaults_loading_screen,
          dpeg_vaults_monster_row, nicolae_vaults_what_the_h,
          nicolae_vaults_three_branches
Vaults:4: nicolae_vaults_little_squares_4, v_misc_8,
          ontoclasm_vaults_loading_screen, vaults_room_large_hall,
          hangedman_vaults_restitches, v_misc_23, v_pattern_1,
          ontoclasm_vaults_claustrophobia, hangedman_vaults_stretched_pinwheel,
          hangedman_vaults_cutoff, ontoclasm_vaults_hangar, v_misc_2,
          vaults_room_fours, grunt_vaults_funnel, uniq_saint_roka
Crypt:1:  uniq_mennas
Crypt:2:  minivault_24, minmay_misc_feat_cross, grunt_megastairs_3,
          lemuel_elevator
Crypt:3:  lightli_unholy_cathedral, nicolae_tomb_entry_rubble_hallway
Depths:1: hell_entry, nicolae_transmutations_shop, grunt_megastairs_2,
          serial_bayou_shore_b, minmay_shop_star, serial_bayou_shore_b
Depths:2: hangedman_hanging_gardens, pf_vacation_house_of_asmodeus,
          marbit_kobold_abyss_entry, minmay_fountain_box
Depths:3: minmay_quarter_circles, infiniplex_staircase_trident,
          rand_demon_pan_entry_1, hell_entry, kennysheep_just_a_vault
Depths:4: kennysheep_blocky_hall, abyss_entry, lightli_too_deep,
          serial_bayou_pond_a
Depths:5: grunt_x_marks_the_spot, enter_ziggurat_e, abyss_entry_crystal,
          grunt_hell_entry_dis_mu
Zot:1:    hangedman_zot_vaults_quadrants
Zot:3:    grunt_zot_stairs_overgrown
Zot:4:    kennysheep_blocky_room, lemuel_golem_globe, basic_stair_grate_trap
Bazaar:   bazaar_minmay_generic_island

Skill      XL: |  1  2  3  4  5  6  7  8  9 10 11 12 13 14 15 16 17 18 19 20 21 22 23 24 25 |
---------------+----------------------------------------------------------------------------+-----
Fighting       | 3 5 7 9 11 14 15 16 21 | 21.0
Armour         | 2 3 5 7 9 12 14 15 17 18 | 18.5
Dodging        | 5 7 8 9 11 13 15 16 18 20 | 20.0
Maces & Flails | 8 9 13 14 15 16 | 16.0
Shields        | 7 12 14 15 | 15.0
Summonings     | 4 6 |  6.0
Spellcasting   | 4 6 8 10 | 10.0
Charms         | 4 6 |  6.0
Translocations | 4 8 10 11 12 14 18 | 18.1
Necromancy     | 4 |  4.1
Air Magic      | 4 |  4.0
Throwing       | |  2.0

Action                   |  1- 3 |  4- 6 |  7- 9 | 10-12 | 13-15 | 16-18 | 19-21 | 22-24 | 25-27 || total
-------------------------+-------+-------+-------+-------+-------+-------+-------+-------+-------++-------
Melee: Flail             |   109 |   178 |   407 |   540 |  1616 |  1067 |       |       |       ||  3917
       Morningstar       |       |       |       |       |       |   628 |  1477 |  1925 |  2603 ||  6633
       Unarmed           |       |       |       |       |       |     3 |       |       |       ||     3
       Peck              |       |       |       |       |       |       |       |       |   262 ||   262
       Headbutt          |       |       |       |       |       |       |       |       |   124 ||   124
Throw: Tomahawk          |       |     4 |       |       |     1 |       |       |       |       ||     5
 Cast: Lesser Beckoning  |       |       |       |       |       |       |     4 |   112 |   159 ||   275
       Apportation       |       |       |       |       |       |       |     4 |       |       ||     4
       Passage of Golubr |       |       |       |       |       |       |     1 |     2 |     5 ||     8
       Swiftness         |       |       |       |       |       |       |       |       |     2 ||     2
       Summon Butterflie |       |       |       |       |       |       |       |       |     2 ||     2
Invok: Sacrifice Experie |       |     1 |       |       |       |       |       |       |       ||     1
       Sacrifice Resista |       |     1 |       |       |       |       |       |       |       ||     1
       Power Leap        |       |       |     1 |     1 |     1 |     1 |       |     1 |       ||     5
       Draw Out Power    |       |       |     1 |       |     7 |     3 |     3 |     4 |     2 ||    20
       Sacrifice Purity  |       |       |     1 |       |       |       |       |       |       ||     1
       Apocalypse        |       |       |       |     2 |     4 |     2 |     3 |     1 |     2 ||    14
       Sacrifice Stealth |       |       |       |     1 |       |       |       |       |       ||     1
       Reject Sacrifices |       |       |       |     1 |       |       |       |       |       ||     1
       Sacrifice Arcana  |       |       |       |       |     1 |       |       |       |       ||     1
       Slimify           |       |       |       |       |       |       |       |       |     4 ||     4
Evoke: Wand              |       |       |     1 |     1 |    17 |     6 |     4 |     4 |    13 ||    46
       Lamp of fire      |       |       |       |       |       |       |       |       |     2 ||     2
       Phial of floods   |       |       |       |       |       |       |       |       |     2 ||     2
       Fan of gales      |       |       |       |       |       |       |       |       |     1 ||     1
       Box of beasts     |       |       |       |       |       |       |       |       |     1 ||     1
       Lightning rod     |       |       |       |       |       |       |       |       |     1 ||     1
  Use: Scroll            |       |     8 |     8 |     9 |     7 |    11 |     3 |    11 |    13 ||    70
       Potion            |       |     1 |     4 |     3 |     6 |     5 |       |     1 |    32 ||    52
 Stab: Invisible         |       |       |     2 |     6 |    19 |    12 |     8 |     8 |     4 ||    59
       Distracted        |       |       |     1 |     1 |     9 |     6 |     7 |     9 |     3 ||    36
       Paralysed         |       |       |     2 |     2 |     9 |    11 |    14 |     9 |     9 ||    56
       Petrified         |       |       |       |       |       |       |       |     6 |       ||     6
       Petrifying        |       |       |       |       |       |       |       |     1 |       ||     1
  Eat: Chunk             |     3 |     7 |    18 |    19 |    53 |    34 |    28 |    42 |    15 ||   219
       Fruit             |       |       |       |       |     2 |     6 |       |       |       ||     8
       Royal jelly       |       |       |       |       |       |     2 |     2 |     4 |    11 ||    19
Armor: Ring mail         |    34 |     8 |       |       |       |       |       |       |       ||    42
       Chain mail        |       |    99 |   191 |    63 |       |   384 |   278 |    54 |       ||  1069
       Plate armour      |       |       |       |   133 |   735 |    56 |       |   400 |   752 ||  2076
Dodge: Dodged            |    73 |    81 |   176 |   150 |   867 |   611 |   468 |   707 |  1138 ||  4271
Block: Shield            |       |       |       |       |       |   592 |   730 |   965 |  1304 ||  3591
       Reflection        |       |       |       |       |       |    82 |   121 |   107 |    47 ||   357
